Map: Blackburn LE

Players

IIIIIIIII - Winner!

  • Race: Protoss Protoss
  • League: Master

FrameSticker

  • Race: Protoss Protoss
  • League: Diamond

VOD

Have the link to the VOD?

Description

Time

  • Played on: Aug. 22, 2021, 3:29 p.m.
  • Length: 16:45
Show
View Real Time Build Order
Export as new Build Order

IIIIIIIII Protoss - Winner!

Build Orders: 1 Gate Expand, Oracle Opening, Carriers 

Get SALT Encoding   

  12  0:00  Probe  
  13  0:12  Probe  
  14  0:17  Pylon  
  14  0:24  Probe  
  15  0:39  Probe (Chrono Boost), Gateway  
  16  0:48  Probe (Chrono Boost)  
  17  0:50  Assimilator  
  17  0:53  Probe (Chrono Boost)  
  18  1:05  Probe (Chrono Boost)  
  19  1:15  Probe (Chrono Boost)  
  20  1:20  Probe (Chrono Boost)  
  21  1:30  Cybernetics Core  
  21  1:40  Nexus  
  21  1:43  Probe  
  22  1:49  Assimilator  
  22  1:55  Pylon  
  22  1:58  Probe  
  23  2:08  Warp Gate  
  23  2:13  Stalker  
  23  2:14  Probe  
  26  2:26  Probe  
  27  2:31  Shield Battery  
  27  2:38  Probe  
  27  2:39  Stargate  
  28  2:50  Probe, Pylon  
  29  2:52  Probe  
  30  2:59  Stalker  
  30  3:03  Probe  
  33  3:08  Probe (Chrono Boost)  
  34  3:17  Probe (Chrono Boost)  
  36  3:20  Probe (Chrono Boost), Shield Battery  
  36  3:25  Oracle  
  39  3:28  Probe (Chrono Boost)  
  39  3:29  Probe (Chrono Boost)  
  41  3:42  Shield Battery  
  41  3:45  Probe (Chrono Boost)  
  42  3:50  Probe (Chrono Boost)  
  42  3:54  Robotics Facility  
  43  3:56  Probe (Chrono Boost), Stalker  
  43  3:59  Probe (Chrono Boost)  
  43  4:01  Probe (Chrono Boost)  
  47  4:12  Pylon  
  47  4:15  Assimilator, Pylon  
  47  4:17  Assimilator  
  47  4:26  Probe x2  
  47  4:28  Phoenix (Chrono Boost)  
  48  4:32  Stargate  
  48  4:38  Probe  
  49  4:40  Probe  
  50  4:50  Probe  
  50  4:52  Void Ray (Chrono Boost)  
  53  4:53  Probe, Robotics Facility  
  56  5:02  Probe  
  56  5:04  Pylon  
  56  5:05  Probe  
  58  5:13  Zealot  
  60  5:15  Probe  
  60  5:17  Probe  
  62  5:24  Protoss Air Weapons Level 1  
  62  5:38  Pylon  
  62  5:39  Pylon x2  
  62  5:41  Pylon  
  62  5:46  Immortal  
  62  5:47  Void Ray (Chrono Boost)  
  62  5:48  Pylon  
  62  5:54  Pylon  
  70  5:58  Void Ray (Chrono Boost)  
  70  6:01  Probe x2  
  76  6:05  Forge  
  76  6:11  Zealot  
  78  6:16  Gateway  
  78  6:17  Void Ray (Chrono Boost)  
  78  6:19  Gateway  
  82  6:27  Observer  
  82  6:28  Probe, Void Ray (Chrono Boost)  
  82  6:29  Probe  
  89  6:41  Nexus  
  89  6:43  Probe x2  
  91  6:47  Pylon  
  91  6:51  Void Ray (Chrono Boost)  
  91  6:57  Probe x2  
  91  7:00  Pylon  
  97  7:04  Pylon  
  97  7:05  Photon Cannon  
  95  7:12  Stargate  
  95  7:15  Probe  
  95  7:16  Probe  
  95  7:21  Assimilator  
  97  7:23  Void Ray (Chrono Boost)  
  97  7:25  Assimilator  
  97  7:28  Probe  
  97  7:29  Void Ray (Chrono Boost)  
  102  7:33  Protoss Air Armor Level 1 (Chrono Boost)  
  106  7:39  Probe  
  106  7:42  Shield Battery  
  107  7:54  Probe x2, Void Ray (Chrono Boost)  
  107  7:57  Void Ray (Chrono Boost)  
  109  7:58  Nexus  
  113  8:06  Probe  
  113  8:07  Probe  
  119  8:16  Fleet Beacon  
  119  8:20  Void Ray  
  123  8:32  Void Ray  
  123  8:35  Stargate  
  123  8:39  Probe  
  123  8:40  Probe  
  129  8:41  Pylon  
  129  8:44  Photon Cannon, Shield Battery  
  129  8:47  Photon Cannon, Void Ray  
  130  8:48  Observer  
  134  8:56  Stargate  
  134  8:57  Flux Vanes  
  134  9:01  Pylon  
  134  9:05  Probe x2  
  136  9:14  Probe x2  
  138  9:17  Probe  
  138  9:18  Carrier  
  138  9:23  Cybernetics Core  
  145  9:28  Probe x3  
  148  9:31  Assimilator  
  148  9:32  Carrier  
  148  9:35  Assimilator  
  148  9:38  Pylon  
  148  9:39  Protoss Air Weapons Level 2 (Chrono Boost)  
  154  9:47  Probe x2  
  154  9:48  Probe  
  157  9:53  Pylon  
  157  9:57  Anion Pulse-Crystals (Chrono Boost)  
  157  10:06  Carrier  
  163  10:08  Probe  
  164  10:15  Nexus  
  164  10:24  Carrier  
  170  10:28  Stargate  
  170  10:43  Protoss Air Armor Level 2 (Chrono Boost)  
  170  10:47  Carrier, Pylon  
  176  10:57  Pylon  
  176  10:59  Pylon  
  176  11:00  Pylon x2  
  176  11:02  Pylon  
  176  11:05  Photon Cannon  
  176  11:12  Photon Cannon  
  176  11:14  Carrier  
  176  11:15  Photon Cannon  
  176  11:18  Assimilator  
  145  11:38  Carrier x2  
  145  11:39  Carrier  
  159  11:49  Nexus  
  159  11:51  Photon Cannon  
  159  11:53  Photon Cannon  
  159  12:01  Protoss Air Weapons Level 3 (Chrono Boost)  
  159  12:03  Carrier  
  166  12:08  Observer  
  166  12:21  Carrier  
  172  12:23  Assimilator  
  173  12:30  Observer  
  163  12:41  Stargate  
  163  12:44  Stargate  
  159  12:48  Protoss Shields Level 1 (Chrono Boost)  
  159  12:52  Protoss Air Armor Level 3 (Chrono Boost)  
  159  12:53  Photon Cannon, Void Ray x2  
  159  12:54  Photon Cannon  
  167  13:09  Void Ray  
  167  13:11  Void Ray  
  167  13:12  Twilight Council  
  175  13:23  Void Ray x2  
  172  13:54  Void Ray x2  
  154  14:00  Void Ray x2  
  154  14:10  Dark Shrine, Void Ray x2  
  154  14:11  Gateway  
  154  14:12  Charge  
  154  14:13  Gateway  
  154  14:15  Gateway  
  158  14:23  Carrier  
  163  14:54  Carrier x2  
  175  15:01  Pylon  
  175  15:02  Pylon  
  175  15:06  Nexus  
  175  15:07  Pylon  
  175  15:12  Observer  
  176  15:16  Pylon  
  176  15:26  Photon Cannon  
  176  15:28  Photon Cannon  
  176  15:29  Photon Cannon  
  176  15:31  Shield Battery  
  176  15:32  Shield Battery  
  176  15:33  Observer  
  176  15:35  Shield Battery  
  177  15:43  Void Ray x4  
  193  15:53  Dark Templar x2  
  193  15:56  Dark Templar  
  199  16:21  Nexus  
  199  16:22  Pylon  
  199  16:32  Pylon  
Show
View Real Time Build Order
Export as new Build Order

FrameSticker Protoss 

Build Orders: Phoenix Opening, Carriers 

Get SALT Encoding   

  12  0:00  Probe  
  13  0:12  Probe  
  14  0:17  Pylon  
  14  0:24  Probe (Chrono Boost)  
  15  0:36  Probe (Chrono Boost)  
  15  0:40  Gateway  
  16  0:44  Probe (Chrono Boost)  
  16  0:46  Assimilator  
  17  0:51  Probe  
  17  0:56  Assimilator  
  18  1:03  Probe  
  19  1:10  Gateway  
  19  1:15  Probe  
  20  1:27  Probe, Cybernetics Core  
  21  1:39  Probe, Pylon  
  22  1:51  Probe  
  23  2:03  Stalker x2  
  23  2:04  Warp Gate  
  27  2:11  Probe  
  28  2:20  Pylon  
  28  2:30  Stalker (Chrono Boost)  
  30  2:38  Stalker (Chrono Boost)  
  32  2:55  Nexus  
  32  3:00  Probe  
  32  3:04  Sentry  
  35  3:11  Twilight Council  
  35  3:15  Probe  
  36  3:21  Pylon  
  36  3:27  Probe  
  35  3:50  Probe, Phoenix  
  35  3:52  Stalker x2  
  40  4:11  Probe x2  
  42  4:18  Stalker x2  
  42  4:23  Probe x2  
  46  4:32  Stargate  
  46  4:35  Probe (Chrono Boost), Shield Battery  
  46  4:38  Probe (Chrono Boost)  
  48  4:42  Assimilator  
  49  4:46  Probe (Chrono Boost), Assimilator  
  49  4:47  Probe (Chrono Boost)  
  49  4:51  Probe (Chrono Boost)  
  51  4:55  Probe  
  52  5:02  Forge  
  52  5:06  Probe  
  53  5:07  Probe  
  53  5:09  Pylon  
  53  5:11  Stalker  
  53  5:14  Stalker  
  58  5:18  Probe  
  58  5:19  Probe  
  60  5:27  Phoenix  
  60  5:32  Void Ray (Chrono Boost)  
  62  5:43  Probe x2  
  62  5:47  Photon Cannon  
  62  5:48  Nexus  
  64  5:51  Photon Cannon  
  64  6:00  Probe x2  
  66  6:09  Stargate  
  66  6:12  Probe  
  66  6:13  Protoss Air Weapons Level 1 (Chrono Boost)  
  68  6:18  Probe  
  68  6:22  Pylon  
  68  6:23  Pylon  
  68  6:24  Probe  
  69  6:30  Probe  
  69  6:31  Pylon  
  70  6:36  Pylon  
  70  6:40  Probe  
  70  6:41  Void Ray (Chrono Boost)  
  70  6:44  Probe, Void Ray (Chrono Boost)  
  70  6:46  Fleet Beacon  
  76  6:53  Probe (Chrono Boost)  
  81  6:56  Probe (Chrono Boost)  
  81  6:58  Pylon  
  82  7:01  Probe (Chrono Boost)  
  85  7:08  Probe (Chrono Boost)  
  85  7:10  Probe (Chrono Boost)  
  85  7:11  Probe (Chrono Boost)  
  85  7:14  Probe (Chrono Boost)  
  87  7:17  Probe (Chrono Boost), Photon Cannon, Void Ray (Chrono Boost)  
  92  7:25  Sentry  
  92  7:28  Cybernetics Core  
  92  7:29  Probe  
  96  7:30  Probe  
  96  7:32  Flux Vanes  
  96  7:34  Probe  
  96  7:35  Void Ray (Chrono Boost)  
  97  7:37  Assimilator  
  97  7:41  Probe, Assimilator  
  97  7:42  Probe  
  99  7:46  Pylon  
  103  7:54  Pylon  
  103  7:55  Probe  
  103  7:56  Probe  
  103  7:57  Pylon  
  103  7:58  Void Ray (Chrono Boost)  
  109  8:03  Probe  
  110  8:08  Shield Battery  
  110  8:09  Shield Battery  
  110  8:12  Pylon  
  111  8:15  Oracle  
  113  8:23  Stargate  
  113  8:33  Cybernetics Core  
  113  8:41  Pylon  
  113  8:45  Pylon  
  113  8:52  Templar Archives  
  113  8:53  Nexus  
  113  8:54  Pylon  
  113  8:55  Protoss Air Weapons Level 2 (Chrono Boost), Void Ray x2 (Chrono Boost)  
  121  9:03  Carrier (Chrono Boost)  
  127  9:32  Shield Battery  
  127  9:34  Assimilator  
  127  9:37  Assimilator  
  134  9:38  Probe x3  
  134  9:41  Carrier (Chrono Boost)  
  136  9:46  Carrier (Chrono Boost)  
  136  9:49  Protoss Air Armor Level 1 (Chrono Boost)  
  142  9:54  Gateway  
  142  9:55  Probe x3  
  142  9:57  Gateway  
  142  9:59  Gateway  
  145  10:01  Protoss Shields Level 1  
  145  10:06  Carrier  
  151  10:07  Probe x3  
  154  10:16  Charge  
  154  10:17  Probe  
  154  10:19  Probe x3  
  158  10:34  Probe  
  156  10:46  Carrier x2 (Chrono Boost)  
  164  10:56  Nexus  
  164  11:00  Stargate  
  164  11:01  Stargate  
  148  11:32  Protoss Air Weapons Level 3 (Chrono Boost)  
  134  11:37  Phoenix (Chrono Boost)  
  134  11:39  Void Ray (Chrono Boost)  
  134  11:40  Phoenix (Chrono Boost)  
  134  11:41  Void Ray (Chrono Boost)  
  134  11:42  Zealot x4  
  134  11:43  Zealot, Void Ray (Chrono Boost)  
  148  11:53  Probe x3  
  155  12:05  Probe  
  156  12:09  Protoss Air Armor Level 2 (Chrono Boost)  
  156  12:14  Void Ray (Chrono Boost)  
  156  12:15  Void Ray (Chrono Boost)  
  164  12:20  Void Ray (Chrono Boost)  
  168  12:34  Void Ray x2 (Chrono Boost)  
  165  12:43  Pylon  
  173  12:44  Nexus  
  173  12:47  Assimilator  
  173  12:48  Protoss Shields Level 2 (Chrono Boost)  
  171  12:51  Assimilator  
  171  12:57  Pylon  
  163  12:58  Zealot x2  
  163  12:59  Zealot x3  
  163  13:01  Pylon, Void Ray (Chrono Boost)  
  163  13:05  Pylon, Void Ray x2 (Chrono Boost)  
  173  13:06  Pylon  
  173  13:07  Pylon  
  173  13:09  Pylon  
  171  13:55  Void Ray x5 (Chrono Boost)  
  147  14:06  Zealot x5  
  117  14:31  Void Ray (Chrono Boost)  
  121  14:32  Void Ray (Chrono Boost)  
  121  14:35  Void Ray x2 (Chrono Boost)  
  137  14:40  Void Ray (Chrono Boost)  
  124  14:59  Zealot x2  
  128  15:00  Zealot x3  
  128  15:05  Carrier (Chrono Boost)  
  152  15:13  Carrier (Chrono Boost)  
  152  15:16  Carrier (Chrono Boost)  
  158  15:29  Carrier (Chrono Boost), Nexus  
  158  15:31  Nexus  
  158  15:34  Assimilator  
  157  15:36  Assimilator  
  156  15:43  Carrier (Chrono Boost)  
  159  16:17  Photon Cannon  
  159  16:18  Photon Cannon  
  159  16:27  Robotics Facility  
Tags
 
Add a new tag
Caveats
  • Supply blocks, unpowered buildings, or Contaminate may cause inaccurate times.
  • Supply counts are checked every 10 seconds.